 Dungeon Crawl Stone Soup version 0.30-a0-358-g0d69a1922f (webtiles) character file.

Game seed: 8522592003448249608

72 Hnkdwk the Trooper (level 4, -8/41 HPs)
             Began as a Minotaur Fighter on Nov 10, 2022.
             Mangled by Edmund
             ... wielding a +4 vorpal flail
              (17 damage)
             ... on level 4 of the Dungeon.
             The game lasted 00:01:53 (1243 turns).

Hnkdwk the Trooper (Minotaur Fighter)               Turns: 1243, Time: 00:01:54

Health: -8/41      AC:  7    Str: 22    XL:     4   Next: 7%
Magic:  3/3        EV:  9    Int:  5    God:
Gold:   35         SH:  4    Dex: 10    Spells: 3/3 levels left

rFire   . . .      SeeInvis .    a - +0 war axe
rCold   . . .      Faith    .    c - +0 buckler
rNeg    . . .      Spirit   .    b - +0 scale mail
rPois   .          Reflect  .    (helmet restricted)
rElec   .          Harm     .    (no cloak)
rCorr   .          Rampage  .    (no gloves)
Will    .....                    (no boots)
Stlth   ..........               (no amulet)
HPRegen 0.26/turn                (no ring)
MPRegen 0.08/turn                (no ring)

@: mighty
A: horns 2, retaliatory headbutt
a: no special abilities


You were on level 4 of the Dungeon.
You visited 1 branch of the dungeon, and saw 3 of its levels.

You collected 35 gold pieces.

Inventory:

Hand Weapons
 a - a +0 war axe (weapon)
Armour
 b - a +0 scale mail (worn)
 c - a +0 buckler (worn)
 e - a +0 kite shield
Potions
 g - a potion of brilliance {unknown}


   Skills:
 + Level 4.4 Fighting
 + Level 3.4 Axes
 + Level 4.3 Armour
 + Level 4.3 Shields


You had 3 spell levels left.
You didn't know any spells.
Your spell library was empty.

Dungeon Overview and Level Annotations

Branches:
Dungeon (2/15)

Altars:

Annotations:
D:4 Edmund


Innate Abilities, Weirdness & Mutations

You have a pair of horns on your head.
You reflexively headbutt those who attack you in melee.


Message History

Edmund is lightly wounded.
Edmund hits you with a +4 vorpal flail. You block Edmund's attack.
You hit Edmund. Your headbutt misses Edmund.
Edmund is lightly wounded.
Edmund hits you with a +4 vorpal flail! x2
You are too injured to fight recklessly!
You are too injured to fight recklessly!
Unknown command.
Edmund hits you with a +4 vorpal flail!
* * * LOW HITPOINT WARNING * * *
x2
There is an open door, spattered with blood here.
You feel much better. Edmund hits you with a +4 vorpal flail!
You feel very mighty all of a sudden. You block Edmund's attack.
Edmund closely misses you. You furiously retaliate!
You headbutt Edmund!
Unknown command.
You slash Edmund!
Edmund is heavily wounded.
Edmund misses you. Edmund hits you with a +4 vorpal flail.
You hit Edmund.
Edmund is heavily wounded.
Edmund closely misses you. Edmund hits you with a +4 vorpal flail.
* * * LOW HITPOINT WARNING * * *
Unknown command.
You feel much better. Edmund barely misses you.
Unknown command.
Unknown command.
You slash Edmund!
Edmund is severely wounded.
Edmund hits you with a +4 vorpal flail! Edmund closely misses you.
You block Edmund's attack.
You slash Edmund!
Edmund is almost dead.
Edmund hits you with a +4 vorpal flail!
* * * LOW HITPOINT WARNING * * *
You block Edmund's attack.
You closely miss Edmund.
Edmund is almost dead.
Edmund hits you with a +4 vorpal flail!
You die...

##########
#........# .
#........#####....
##........@@.......
..........#########
.#####'#### #. #.
#. #. #. #.


You could see Edmund (berserk).

Vanquished Creatures
  Jessica (D:2)
  A worm (D:2)
  3 endoplasms
  2 giant cockroaches (D:2)
  5 hobgoblins
  4 jackals (D:1)
  4 quokkas
  3 ball pythons
  2 bats
  3 frilled lizards (D:1)
  3 goblins
  6 kobolds
  2 rats (D:1)
39 creatures vanquished.

Notes
Turn   | Place    | Note
-------+----------+-------------------------------------------
     0 | D:1      | Hnkdwk the Minotaur Fighter began the quest for the Orb.
     0 | D:1      | Reached XP level 1. HP: 19/19 MP: 0/0
   186 | D:1      | Reached XP level 2. HP: 27/27 MP: 1/1
   652 | D:2      | Reached XP level 3. HP: 33/33 MP: 2/2
   711 | D:2      | Found a faded altar of an unknown god.
   916 | D:2      | Noticed Jessica
   924 | D:2      | Killed Jessica
   925 | D:2      | Reached XP level 4. HP: 37/41 MP: 3/3
  1223 | D:2      | You fall into a shaft and drop 2 floors!
  1228 | D:4      | Noticed Edmund
  1243 | D:4      | Mangled by Edmund

Illustrated notes

Levels and vault maps discovered:
D:1:      lightli_arrival_isolated_outpost, layout_basic
D:2:      layout_loops_ring, ebering_ecumenical_altar_hall, uniq_jessica
D:4:      layout_basic, lemuel_mausoleum_altar_yredelemnul,
          nemelex_diamond_rough_becter, gammafunk_ghost_icy, uniq_edmund

Skill      XL: |  1  2 |
---------------+-------+-----
Armour         | 4 |  4.3
Fighting       | 4 |  4.4
Axes           | 3 |  3.4
Shields        | 4 |  4.3

Action                   |  1- 3 |  4- 6 || total
-------------------------+-------+-------++-------
Melee: War axe           |    91 |    10 ||   101
       Headbutt          |    12 |       ||    12
  Use: Scroll            |     2 |       ||     2
       Potion            |       |     3 ||     3
Armor: Scale mail        |    52 |       ||    52
Dodge: Dodged            |    35 |     7 ||    42
Block: Buckler           |    17 |     5 ||    22

Table legend: (Time is in decaauts)
 A = Elapsed time spent in this place.
 B = Non-inter-level travel time spent in this place.
 C = Inter-level travel time spent in this place.
 D = Time resting spent in this place.
 E = Time spent auto-exploring this place.
 F = Levels seen in this place.
 G = Mean time per level.
                   A        B        C        D        E       F      G
               +--------+--------+--------+--------+--------+-----+--------+
         Total |   1286 |   1275 |     11 |      0 |   1019 |   3 |  428.7 |
       Dungeon |   1286 |   1275 |     11 |      0 |   1019 |   3 |  428.7 |
               +--------+--------+--------+--------+--------+-----+--------+

Top non-repeatable levels by time:
     D:1: 657 daAuts
     D:2: 606 daAuts
     D:4: 22 daAuts
